 Dungeon Crawl Stone Soup version 0.19.5 (webtiles) character file.

295 Megalobster the Conjurer (level 6, -1/32 HPs)
             Began as a Deep Elf Conjurer on Apr 15, 2017.
             Slain by Hordtkhen's ghost (7 damage)
             ... on level 4 of the Dungeon.
             The game lasted 00:13:47 (4064 turns).

Megalobster the Conjurer (Deep Elf Conjurer)        Turns: 4064, Time: 00:13:48

Health: -1/32      AC:  7    Str:  5    XL:     6   Next: 11%
Magic:  1/14       EV: 10    Int: 22    God:
Gold:   194        SH:  7    Dex: 15    Spells: 4 memorised, 2 levels left

rFire  . . .     SeeInvis +     B - +1 dagger (pain)
rCold  . . .     Gourm    .     a - +0 robe
rNeg   . . .     Faith    .     D - +0 shield (curse)
rPois  .         Spirit   .     u - +1 helmet
rElec  .         Reflect  .     (no cloak)
rCorr  .         Harm     .     k - +2 pair of gloves
MR     .....                    (no boots)
Stlth  ++........               (no amulet)
                                (no ring)
                                x - ring of see invisible

@: very slightly contaminated
A: no striking features
a: no special abilities


You were on level 4 of the Dungeon.
You were not hungry.

You visited 1 branch of the dungeon, and saw 4 of its levels.

You collected 194 gold pieces.

Inventory:

Hand Weapons
 j - a +0 dagger
 A - a +2 short sword of draining
 B - a +1 dagger of pain (weapon)
 E - a cursed -2 spear
Armour
 a - a +0 robe (worn)
 k - a +2 pair of gloves (worn)
 u - a +1 helmet (worn)
 D - a cursed +0 shield (worn)
Jewellery
 x - a ring of see invisible (left hand)
Wands
 F - a wand of paralysis (13/24)
Scrolls
 e - a scroll of noise {unknown}
 f - a scroll of fear {unknown}
 g - a scroll of magic mapping {unknown}
 i - 4 scrolls of blinking {unknown}
 n - 2 scrolls of remove curse {unknown}
 s - a scroll of immolation {unknown}
 t - 2 scrolls of identify {unknown}
 y - a scroll of amnesia {unknown}
 G - a scroll of enchant armour {unknown}
 I - a scroll of teleportation {unknown}
Potions
 l - a potion of magic {unknown}
 m - a potion of lignification {unknown}
 o - 2 potions of curing {unknown}
 p - 2 potions of berserk rage {unknown}
 q - a potion of degeneration {unknown}
 r - a potion of heal wounds {unknown}
 z - a potion of might {unknown}
Books
 b - a book of Conjurations

   Spells                             Type                      Level
   a - Magic Dart                     Conjuration                  1
   b - Searing Ray                    Conjuration                  2
   c - Dazzling Spray                 Conjuration/Hexes            3
   d - Fulminant Prism                Conjuration/Hexes            4
   e - Iskenderun's Mystic Blast      Conjuration                  4
   f - Iskenderun's Battlesphere      Conjuration/Charms           5
 w - a book of Cantrips

   Spells                             Type                      Level
   a - Confusing Touch                Hexes                        1
   b - Animate Skeleton               Necromancy                   1
   c - Summon Small Mammal            Summoning                    1
   d - Apportation                    Translocation                1
 C - a book of Cantrips

   Spells                             Type                      Level
   a - Confusing Touch                Hexes                        1
   b - Animate Skeleton               Necromancy                   1
   c - Summon Small Mammal            Summoning                    1
   d - Apportation                    Translocation                1
Comestibles
 c - 3 bread rations
 d - 3 slices of pizza
 h - a chunk of flesh
 v - a fruit
 H - a meat ration


   Skills:
 - Level 2.4 Dodging
 - Level 2.4 Stealth
 + Level 1.5 Shields
 - Level 4.5 Spellcasting
 - Level 6.4 Conjurations
 * Level 3.7 Charms


You had 2 spell levels left.
You knew the following spells:

 Your Spells              Type           Power        Failure   Level  Hunger
a - Magic Dart            Conj           ####         4%          1    None
b - Searing Ray           Conj           ####..       8%          2    None
c - Iskenderun's Mystic   Conj           ####....     43%         4    ####...
d - Iskenderun's Battles  Conj/Chrm      ####....     99%         5    #####..


Dungeon Overview and Level Annotations

Branches:
Dungeon (4/15)
 Temple: D:4-7

Altars:

Annotations:
D:4 Hordtkhen's ghost, novice MiFi


Message History

Hordtkhen's ghost is lightly damaged. (Press . to maintain the ray.) Hordtkhen's ghost hits you but does no damage.
The searing ray hits Hordtkhen's ghost.
Hordtkhen's ghost is moderately damaged.
Hordtkhen's ghost hits you.
* * * LOW HITPOINT WARNING * * *
Hordtkhen's ghost burns you.
* * * LOW HITPOINT WARNING * * *
The searing ray hits Hordtkhen's ghost.
Hordtkhen's ghost is moderately damaged.
Hordtkhen's ghost barely misses you.
The searing ray hits Hordtkhen's ghost.
Hordtkhen's ghost is heavily damaged.
You finish channeling your searing ray.
You block Hordtkhen's ghost's attack.
You hit Hordtkhen's ghost.
Hordtkhen's ghost is heavily damaged.
Hordtkhen's ghost hits you but does no damage.
Hordtkhen's ghost hits you!
You die...

#.######## #.......$.
### #.######## ######.#
#.#.. .......#######.#.#
######.#.....#.#.#
######.#.###.#.#.#
#............#.#.#
...........#.#.#@#.####
#.####.#.......W...?....
#.# #..#.#.....#...#####
#.# #..#.#.#.#.#....#
#.###..#.#.#........#
.......#.#.#<#...#....
#.....##.#.#.#.#....###
....#.##.#.#.#.#....#
#.#.#.##.#.#.#......#


You could see Hordtkhen's ghost.

Vanquished Creatures
  Edmund (D:4)
  An orc wizard (D:3)
  Robin (D:2)
  3 adders
  2 oozes
  A worm (D:3)
  A dart slug (D:2)
  A leopard gecko (D:1)
  5 orcs (D:3)
  3 ball pythons (D:3)
  5 giant cockroaches
  17 goblins
  20 hobgoblins
  2 quokkas
  4 bats
  4 frilled lizards
  10 kobolds
  4 rats
85 creatures vanquished.

Notes
Turn   | Place    | Note
-------+----------+-------------------------------------------
     0 | D:1      | Megalobster the Deep Elf Conjurer began the quest for the Orb.
     0 | D:1      | Reached XP level 1. HP: 10/10 MP: 6/6
   384 | D:1      | Reached XP level 2. HP: 15/15 MP: 3/8
   431 | D:1      | Learned a level 2 spell: Searing Ray
   653 | D:1      | Reached skill level 5 in Conjurations
   921 | D:1      | Reached XP level 3. HP: 19/19 MP: 5/10
  1713 | D:2      | Reached XP level 4. HP: 24/24 MP: 9/12
  1800 | D:2      | Noticed Robin
  1983 | D:2      | Killed Robin
  2100 | D:2      | Learned a level 4 spell: Iskenderun's Mystic Blast
  2347 | D:2      | Reached skill level 6 in Conjurations
  3184 | D:3      | Reached XP level 5. HP: 28/28 MP: 9/13
  3540 | D:3      | Learned a level 5 spell: Iskenderun's Battlesphere
  3913 | D:4      | Noticed Edmund
  3926 | D:4      | Killed Edmund
  3926 | D:4      | Reached skill level 1 in Shields
  3926 | D:4      | Reached XP level 6. HP: 15/32 MP: 0/14
  3980 | D:4      | Noticed Hordtkhen's ghost (novice MiFi)
  4064 | D:4      | Slain by Hordtkhen's ghost

Skill      XL: |  1  2  3  4  5 |
---------------+----------------+-----
Conjurations   | 5 6 |  6.4
Spellcasting   | 4 |  4.5
Shields        | 1 |  1.5
Charms         | 3 |  3.7
Dodging        | |  2.4
Stealth        | |  2.4

Action                   |  1- 3 |  4- 6 || total
-------------------------+-------+-------++-------
Melee: Dagger            |       |     6 ||     6
 Cast: Magic Dart        |    80 |    69 ||   149
       Searing Ray       |     4 |    12 ||    16
  Eat: Chunk             |     1 |     6 ||     7
       Fruit             |     1 |       ||     1
       Beef jerky        |       |     1 ||     1
Armor: Robe              |     4 |     6 ||    10
Dodge: Dodged            |     6 |     8 ||    14
Block: Shield            |       |     9 ||     9
